 Dungeon Crawl Stone Soup version 0.20.0-15-g7f486f2 (webtiles) character file.

394 systemy the Chopper (level 6, -3/56 HPs)
             Began as a Minotaur Berserker on June 24, 2017.
             Was a Believer of Trog.
             Slain by a hippogriff (6 damage)
             ... on level 4 of the Dungeon.
             The game lasted 00:04:17 (2819 turns).

systemy the Chopper (Minotaur Berserker)            Turns: 2819, Time: 00:04:17

Health: -3/56      AC:  8    Str: 23    XL:     6   Next: 52%
Magic:  5/5        EV: 10    Int:  4    God:    Trog [**....]
Gold:   87         SH:  4    Dex: 10    Spells: 5/5 levels left

rFire    . . .     SeeInvis .   a - +0 hand axe
rCold    . . .     Gourm    .   f - +0 buckler
rNeg     . . .     Faith    .   k - +0 scale mail
rPois    .         Spirit   .   (helmet restricted)
rElec    .         Reflect  .   h - +0 cloak
rCorr    .         Harm     .   (no gloves)
MR       .....                  (no boots)
Stlth    ..........             (no amulet)
Regen    0.2/turn               (no ring)
MPRegen  0.1/turn               (no ring)

@: no status effects
A: retaliatory headbutt, horns 2
a: Berserk, Trog's Hand, Burn Spellbooks, Renounce Religion


You were on level 4 of the Dungeon.
You worshipped Trog.
Trog was pleased with you.
You were not hungry.

You visited 1 branch of the dungeon, and saw 4 of its levels.

You collected 87 gold pieces.

Inventory:

Hand Weapons
 a - a +0 hand axe (weapon)
Armour
 b - a +0 animal skin
 f - a +0 buckler (worn)
 h - a +0 cloak (worn)
 k - a +0 scale mail (worn)
 p - a +0 hat
Jewellery
 q - a +2 ring of protection {unknown}
 s - an uncursed ring of poison resistance {unknown}
Wands
 w - a wand of confusion (32/48)
 z - a wand of iceblast (4/15)
Scrolls
 e - 6 scrolls of identify {unknown}
 m - a scroll of noise {unknown}
 r - a scroll of recharging {unknown}
 t - 2 scrolls of remove curse {unknown}
 v - a scroll of teleportation {unknown}
 y - a scroll of fog {unknown}
 C - a scroll of enchant armour {unknown}
 E - a scroll of blinking {unknown}
Potions
 d - a potion of berserk rage {unknown}
 g - a potion of magic {unknown}
 i - 2 potions of curing {unknown}
 j - a potion of agility {unknown}
 l - a potion of cancellation {unknown}
 o - a potion of mutation {unknown}
 x - a potion of ambrosia {unknown}
 B - a potion of degeneration {unknown}
Comestibles
 c - 3 bread rations
 n - 2 fruits
 u - 2 royal jellies
 A - 2 meat rations
 D - a chunk of flesh


   Skills:
 + Level 5.2 Fighting
 + Level 6.4 Axes
 + Level 3.8 Armour
 - Level 2.1 Dodging
 + Level 0.3 Stealth
 * Level 3.2 Shields


You had 5 spell levels left.
You didn't know any spells.

Dungeon Overview and Level Annotations

Branches:
Dungeon (4/15)
 Temple: D:4-7

Altars:
Hepliaklqana
Qazlal
Uskayaw


Innate Abilities, Weirdness & Mutations

You reflexively headbutt those who attack you in melee.
You have a pair of horns on your head.


Message History

You block the hippogriff's attack. The hippogriff closely misses you.
The hippogriff claws you but does no damage.
You hit the hippogriff.
The hippogriff is lightly wounded.
The hippogriff bites you.
* * * LOW HITPOINT WARNING * * *
The hippogriff pecks you.
* * * LOW HITPOINT WARNING * * *
The hippogriff barely misses you.
You slash the hippogriff! You headbutt the hippogriff.
The hippogriff is heavily wounded.
The hippogriff bites you but does no damage.
The hippogriff pecks you.
* * * LOW HITPOINT WARNING * * *
The hippogriff claws you.
* * * LOW HITPOINT WARNING * * *
You completely miss the hippogriff.
The hippogriff is heavily wounded.
The hippogriff bites you.
You die...

#####........##............
...#..........####.########
...#........#(# #.........
####. #..###.######## .....
#............# ####.
#...##.#####.# #.#.##.# #
#..#.# ##@#.# #H..# ##..#
..# ..# .># ###


You could see a hippogriff.

Vanquished Creatures
  The ghost of systemy the Chopper, an amateur MiBe of Trog (D:3)
  A centaur zombie (D:3)
  An orc priest (D:4)
  2 orc wizards
  2 worker ants (D:4)
  8 adders
  2 oozes
  2 worms (D:2)
  A dart slug (D:1)
  3 leopard geckos
  7 orcs
  4 bats
  3 giant cockroaches (D:3)
  5 goblins
  4 hobgoblins
  3 quokkas
  3 frilled lizards
  3 kobolds
  5 rats
60 creatures vanquished.

Notes
Turn   | Place    | Note
-------+----------+-------------------------------------------
     0 | D:1      | systemy the Minotaur Berserker began the quest for the Orb.
     0 | D:1      | Reached XP level 1. HP: 19/19 MP: 0/0
   241 | D:1      | Reached skill level 4 in Axes
   378 | D:1      | Reached XP level 2. HP: 27/27 MP: 1/1
   923 | D:2      | Reached XP level 3. HP: 24/33 MP: 2/2
  1194 | D:2      | Found a stormy altar of Qazlal.
  1213 | D:2      | Reached skill level 1 in Shields
  1367 | D:2      | Reached ** piety under Trog
  1566 | D:3      | Reached XP level 4. HP: 41/41 MP: 3/3
  1621 | D:3      | Reached skill level 5 in Axes
  1627 | D:3      | Noticed systemy's ghost (amateur MiBe)
  1638 | D:3      | Killed systemy's ghost
  1638 | D:3      | Reached XP level 5. HP: 23/47 MP: 4/4
  1984 | D:3      | Found a hide-covered altar of Uskayaw.
  1984 | D:3      | Found a hazy altar of Hepliaklqana.
  2030 | D:3      | Reached skill level 5 in Fighting
  2357 | D:4      | Reached skill level 6 in Axes
  2357 | D:4      | Reached XP level 6. HP: 53/56 MP: 5/5
  2811 | D:4      | Noticed a hippogriff
  2819 | D:4      | Slain by a hippogriff

Skill      XL: |  1  2  3  4  5  6 |
---------------+-------------------+-----
Axes           | 4 5 6 |  6.4
Fighting       | 4 5 |  5.2
Shields        | 1 2 3 |  3.2
Armour         | 3 |  3.8
Dodging        | |  2.1
Stealth        | |  0.3

Action                   |  1- 3 |  4- 6 || total
-------------------------+-------+-------++-------
Melee: Hand axe          |    78 |   104 ||   182
       Headbutt          |    15 |    19 ||    34
Invok: Berserk           |       |     1 ||     1
 Stab: Sleeping          |     1 |       ||     1
  Eat: Chunk             |     2 |     5 ||     7
Armor: Scale mail        |    17 |    36 ||    53
       Animal skin       |     1 |       ||     1
Dodge: Dodged            |    42 |    34 ||    76
Block: Buckler           |    10 |    15 ||    25
